TOP OF THE 1ST |
Mt. Vernon Bulls batting - Pitching for Grim Reapers : LHP Jerry Hamm
|
Pitching: LHP Jerry Hamm
|
|
Batting: RHB Ionut Tintoaca
|
0-0: Called Strike 0-1: Called Strike 0-2: Ball 1-2: Fly out, F8 (Flyball, 8RD)
|
Batting: RHB Kamakakoa Kaponianani
|
0-0: Ball 1-0: Ball 2-0: Ball 3-0: Base on Balls
|
Batting: LHB Tomás Muinos
|
0-0: Ball 1-0: Foul Ball, location: 2F 1-1: Ball 2-1: Ball 3-1: Foul Ball, location: 2F 3-2: SINGLE (Groundball, 56D) Kamakakoa Kaponianani to second Kamakakoa Kaponianani to third
|
Batting: RHB Tong-sik Im
|
0-0: Ball 1-0: Swinging Strike 1-1: Ball 2-1: Called Strike 2-2: Ball 3-2: SINGLE (Line Drive, 7S) Kamakakoa Kaponianani scores Tomás Muinos to second
|
Batting: SHB Zak Martin
|
0-0: Ball 1-0: Called Strike 1-1: Ball 2-1: Fly out, F7 (Flyball, 7LS)
|
Batting: SHB Fergus Stidston
|
0-0: Ball 1-0: Called Strike 1-1: Swinging Strike 1-2: Strikes out swinging
|
Top of the 1st over - 1 run, 2 hits, 0 errors, 2 left on base; Mt. Vernon 1 - Grim 0 |
BOTTOM OF THE 1ST |
Grim Reapers batting - Pitching for Mt. Vernon Bulls : RHP Jordan Calhoun
|
Pitching: RHP Jordan Calhoun
|
|
Batting: RHB Tsuneari Hirano
|
0-0: Ball 1-0: Called Strike 1-1: Fly out, F9 (Line Drive, 9)
|
Batting: SHB Tekkan Hayagawa
|
0-0: Called Strike 0-1: Ground out 4-3 (Groundball, 4S)
|
Batting: RHB Bearooz Yacoobi
|
0-0: Foul Ball, location: 2F 0-1: Swinging Strike 0-2: Ball 1-2: Strikes out looking
|
Bottom of the 1st over - 0 runs, 0 hits, 0 errors, 0 left on base; Mt. Vernon 1 - Grim 0 |
TOP OF THE 2ND |
Mt. Vernon Bulls batting - Pitching for Grim Reapers : LHP Jerry Hamm
|
Batting: RHB Francisco Ortíz
|
0-0: Called Strike 0-1: Fly out, F3 (Popup, 34S)
|
Batting: RHB Hsin-ping Teoh
|
0-0: Ball 1-0: Ball 2-0: Fly out, F7 (Flyball, 78S)
|
Batting: SHB Roy Snider
|
0-0: Called Strike 0-1: Ball 1-1: Swinging Strike 1-2: Strikes out swinging
|
Top of the 2nd over - 0 runs, 0 hits, 0 errors, 0 left on base; Mt. Vernon 1 - Grim 0 |
BOTTOM OF THE 2ND |
Grim Reapers batting - Pitching for Mt. Vernon Bulls : RHP Jordan Calhoun
|
Batting: LHB Semo Hoaloha
|
0-0: SINGLE (Line Drive, 4MD)
|
Batting: RHB Jaxton Goleta
|
0-0: Called Strike 0-1: Ball 1-1: Foul Ball, location: 2F 1-2: Strikes out looking
|
Batting: SHB Takechi Yamashita
|
0-0: Ball 1-0: Ball 2-0: Called Strike 2-1: Ball 3-1: Base on Balls Semo Hoaloha to second
|
Batting: RHB Scott Pearson
|
0-0: Foul Ball, location: 2F 0-1: Ball 1-1: Swinging Strike 1-2: Ball 2-2: Ball 3-2: Foul Ball, location: 2F 3-2: Ground out 6-3 (Groundball, 6S) Semo Hoaloha to third Takechi Yamashita to second
|
Batting: RHB Chi-eun Mun
|
0-0: Called Strike 0-1: Called Strike 0-2: Strikes out swinging
|
Bottom of the 2nd over - 0 runs, 1 hit, 0 errors, 2 left on base; Mt. Vernon 1 - Grim 0 |
TOP OF THE 3RD |
Mt. Vernon Bulls batting - Pitching for Grim Reapers : LHP Jerry Hamm
|
Batting: RHB Ionut Tintoaca
|
0-0: Called Strike 0-1: Ball 1-1: Bunted foul 1-2: Ball 2-2: SINGLE (Line Drive, 5D)
|
Batting: RHB Kamakakoa Kaponianani
|
0-0: Ball 1-0: Ground out 6-3 (Groundball, 56D) Ionut Tintoaca to second
|
Batting: LHB Tomás Muinos
|
0-0: Called Strike 0-1: Foul Ball, location: 2F 0-2: Ball 1-2: Ball 2-2: Foul Ball, location: 2F 2-2: Ball 3-2: SINGLE (Line Drive, 4) Ionut Tintoaca to third
|
Batting: RHB Tong-sik Im
|
0-0: Foul Ball, location: 2F 0-1: Ball 1-1: Ground out U3 (Groundball, 34) Ionut Tintoaca scores Tomás Muinos to second
|
Batting: SHB Zak Martin
|
0-0: Called Strike 0-1: Ball 1-1: Swinging Strike 1-2: Foul Ball, location: 2F 1-2: Ball 2-2: Foul Ball, location: 2F 2-2: Fly out, F9 (Line Drive, 89M)
|
Top of the 3rd over - 1 run, 2 hits, 0 errors, 1 left on base; Mt. Vernon 2 - Grim 0 |
BOTTOM OF THE 3RD |
Grim Reapers batting - Pitching for Mt. Vernon Bulls : RHP Jordan Calhoun
|
Batting: RHB Joe Rodgers
|
0-0: Ball 1-0: Ball 2-0: Ball 3-0: Called Strike 3-1: Foul Ball, location: 2F 3-2: Ground out 6-3 (Groundball, 6M)
|
Batting: RHB Tsuneari Hirano
|
0-0: Ball 1-0: Ball 2-0: Ball 3-0: Foul Ball, location: 2F 3-1: Foul Ball, location: 2F 3-2: Strikes out swinging
|
Batting: SHB Tekkan Hayagawa
|
0-0: Fly out, F7 (Flyball, 7D)
|
Bottom of the 3rd over - 0 runs, 0 hits, 0 errors, 0 left on base; Mt. Vernon 2 - Grim 0 |
TOP OF THE 4TH |
Mt. Vernon Bulls batting - Pitching for Grim Reapers : LHP Jerry Hamm
|
Batting: SHB Fergus Stidston
|
0-0: Foul Ball, location: 2F 0-1: Foul Ball, location: 2F 0-2: Strikes out swinging
|
Batting: RHB Francisco Ortíz
|
0-0: Fly out, F6 (Line Drive, 6)
|
Batting: RHB Hsin-ping Teoh
|
0-0: Swinging Strike 0-1: Ball 1-1: Called Strike 1-2: Strikes out swinging
|
Top of the 4th over - 0 runs, 0 hits, 0 errors, 0 left on base; Mt. Vernon 2 - Grim 0 |
BOTTOM OF THE 4TH |
Grim Reapers batting - Pitching for Mt. Vernon Bulls : RHP Jordan Calhoun
|
Batting: RHB Bearooz Yacoobi
|
0-0: Ball 1-0: Fly out, F7 (Flyball, 78M)
|
Batting: LHB Semo Hoaloha
|
0-0: Ball 1-0: Foul Ball, location: 2F 1-1: Swinging Strike 1-2: DOUBLE (Line Drive, 9LS) - OUT at third base trying to stretch hit.
|
Batting: RHB Jaxton Goleta
|
0-0: Ground out 4-3 (Groundball, 4)
|
Bottom of the 4th over - 0 runs, 1 hit, 0 errors, 0 left on base; Mt. Vernon 2 - Grim 0 |
TOP OF THE 5TH |
Mt. Vernon Bulls batting - Pitching for Grim Reapers : LHP Jerry Hamm
|
Batting: SHB Roy Snider
|
0-0: Called Strike 0-1: Ball 1-1: Ball 2-1: Foul Ball, location: 2F 2-2: Foul Ball, location: 2F 2-2: Ball 3-2: Reached on error, E6 (Popup, P)
|
Batting: RHB Ionut Tintoaca
|
0-0: Sac Bunt - play at first, batter OUT! 3-4 Roy Snider to second
|
Batting: RHB Kamakakoa Kaponianani
|
0-0: Ground out 6-3 (Groundball, 6)
|
Batting: LHB Tomás Muinos
|
0-0: Ball 1-0: Foul Ball, location: 2F 1-1: Foul Ball, location: 2F 1-2: Ball 2-2: Ball 3-2: SINGLE (Groundball, 4MD) Roy Snider to third Roy Snider scores
|
Batting: RHB Tong-sik Im
|
0-0: Called Strike 0-1: Foul Ball, location: 2F 0-2: Ball 1-2: SINGLE (Flyball, 9LS) Tomás Muinos to second Runner from 2nd tries for 3rd, SAFE, no throw
|
Batting: SHB Zak Martin
|
0-0: Foul Ball, location: 2F 0-1: Foul Ball, location: 2F 0-2: Strikes out swinging
|
Top of the 5th over - 1 run, 2 hits, 1 error, 2 left on base; Mt. Vernon 3 - Grim 0 |
BOTTOM OF THE 5TH |
Grim Reapers batting - Pitching for Mt. Vernon Bulls : RHP Jordan Calhoun
|
Batting: SHB Takechi Yamashita
|
0-0: Called Strike 0-1: Ball 1-1: Ground out 6-3 (Groundball, 6)
|
Batting: RHB Scott Pearson
|
0-0: Fly out, F3 (Popup, 3S)
|
Batting: RHB Chi-eun Mun
|
0-0: Ball 1-0: Called Strike 1-1: Foul Ball, location: 2F 1-2: Ground out 5-3 (Groundball, 56)
|
Bottom of the 5th over - 0 runs, 0 hits, 0 errors, 0 left on base; Mt. Vernon 3 - Grim 0 |
TOP OF THE 6TH |
Mt. Vernon Bulls batting - Pitching for Grim Reapers : LHP Jerry Hamm
|
Pitching: RHP César Morales
|
|
Batting: SHB Fergus Stidston
|
0-0: Called Strike 0-1: Called Strike 0-2: Ball 1-2: Foul Ball, location: 2F 1-2: Ball 2-2: Ball 3-2: Base on Balls
|
Batting: RHB Francisco Ortíz
|
0-0: Bunt missed! 0-1: Sac Bunt - play at first, batter OUT! 5-4 Fergus Stidston to second
|
Batting: RHB Hsin-ping Teoh
|
0-0: Ball 1-0: SINGLE (Line Drive, 56D) Fergus Stidston to third Runner from 3rd tries for Home, SAFE, no throw
|
Batting: SHB Roy Snider
|
0-0: Ball 1-0: Called Strike 1-1: Ball 2-1: Swinging Strike 2-2: Ball Hsin-ping Teoh steals 2nd base 3-2: Strikes out swinging
|
Batting: RHB Ionut Tintoaca
|
0-0: Ball 1-0: Ball 2-0: Fly out, F4 (Popup, 34)
|
Top of the 6th over - 1 run, 1 hit, 0 errors, 1 left on base; Mt. Vernon 4 - Grim 0 |
BOTTOM OF THE 6TH |
Grim Reapers batting - Pitching for Mt. Vernon Bulls : RHP Jordan Calhoun
|
Batting: RHB Joe Rodgers
|
0-0: Ball 1-0: Fly out, F4 (Line Drive, 4M)
|
Batting: RHB Tsuneari Hirano
|
0-0: Ball 1-0: Ball 2-0: Called Strike 2-1: Ground out 5-3 (Groundball, 56S)
|
Batting: SHB Tekkan Hayagawa
|
0-0: Ball 1-0: Foul Ball, location: 2F 1-1: Swinging Strike 1-2: Strikes out looking
|
Bottom of the 6th over - 0 runs, 0 hits, 0 errors, 0 left on base; Mt. Vernon 4 - Grim 0 |
TOP OF THE 7TH |
Mt. Vernon Bulls batting - Pitching for Grim Reapers : RHP César Morales
|
Batting: RHB Kamakakoa Kaponianani
|
0-0: Ball 1-0: Foul Ball, location: 2F 1-1: Swinging Strike 1-2: Strikes out swinging
|
Batting: LHB Tomás Muinos
|
0-0: Ball 1-0: Foul Ball, location: 2F 1-1: Ball 2-1: Foul Ball, location: 2F 2-2: Strikes out looking
|
Batting: RHB Tong-sik Im
|
0-0: SINGLE (Line Drive, 56D)
|
Batting: SHB Zak Martin
|
0-0: Hit by Pitch Tong-sik Im to second
|
Batting: SHB Fergus Stidston
|
0-0: Ball 1-0: Foul Ball, location: 2F 1-1: Ball 2-1: Swinging Strike 2-2: Strikes out swinging
|
Top of the 7th over - 0 runs, 1 hit, 0 errors, 2 left on base; Mt. Vernon 4 - Grim 0 |
BOTTOM OF THE 7TH |
Grim Reapers batting - Pitching for Mt. Vernon Bulls : RHP Jordan Calhoun
|
Batting: RHB Bearooz Yacoobi
|
0-0: Foul Ball, location: 2F 0-1: Ball 1-1: Ground out 5-3 (Groundball, 56S)
|
Batting: LHB Semo Hoaloha
|
0-0: Ball 1-0: Fly out, F5 (Popup, 25F)
|
Batting: RHB Jaxton Goleta
|
0-0: Ball 1-0: Ball 2-0: Called Strike 2-1: Ball 3-1: Foul Ball, location: 2F 3-2: Strikes out swinging
|
Bottom of the 7th over - 0 runs, 0 hits, 0 errors, 0 left on base; Mt. Vernon 4 - Grim 0 |
TOP OF THE 8TH |
Mt. Vernon Bulls batting - Pitching for Grim Reapers : RHP César Morales
|
Batting: RHB Francisco Ortíz
|
0-0: Called Strike 0-1: Ball 1-1: Called Strike 1-2: Strikes out swinging
|
Batting: RHB Hsin-ping Teoh
|
0-0: Fly out, F7 (Flyball, 7D)
|
Batting: SHB Roy Snider
|
0-0: Called Strike 0-1: Ball 1-1: Foul Ball, location: 2F 1-2: Strikes out looking
|
Top of the 8th over - 0 runs, 0 hits, 0 errors, 0 left on base; Mt. Vernon 4 - Grim 0 |
BOTTOM OF THE 8TH |
Grim Reapers batting - Pitching for Mt. Vernon Bulls : RHP Jordan Calhoun
|
Batting: SHB Takechi Yamashita
|
0-0: Ball 1-0: SINGLE (Groundball, 34D)
|
Batting: RHB Scott Pearson
|
0-0: Ball 1-0: Ball 2-0: Swinging Strike 2-1: SINGLE (Groundball, 4MD) Takechi Yamashita to second
|
Batting: RHB Chi-eun Mun
|
0-0: Ball 1-0: Foul Ball, location: 2F 1-1: Ball 2-1: Called Strike 2-2: Strikes out swinging
|
Batting: RHB Joe Rodgers
|
0-0: Ball 1-0: Ball 2-0: Called Strike 2-1: Fly out, F8 (Flyball, 8LD)
|
Batting: RHB Tsuneari Hirano
|
0-0: Foul Ball, location: 2F 0-1: SINGLE (Groundball, 6MD) Takechi Yamashita to third Scott Pearson to second Runner from 3rd tries for Home, SAFE, no throw
|
Batting: SHB Tekkan Hayagawa
|
0-0: Called Strike 0-1: Called Strike 0-2: Ball 1-2: Ball 2-2: Foul Ball, location: 2F 2-2: Strikes out swinging
|
Bottom of the 8th over - 1 run, 3 hits, 0 errors, 2 left on base; Mt. Vernon 4 - Grim 1 |
TOP OF THE 9TH |
Mt. Vernon Bulls batting - Pitching for Grim Reapers : RHP César Morales
|
Pitching: RHP Jerry Magee
|
|
Batting: RHB Ionut Tintoaca
|
0-0: Ball 1-0: Ball 2-0: Ball 3-0: Base on Balls
|
Batting: RHB Kamakakoa Kaponianani
|
0-0: Called Strike 0-1: Foul Ball, location: 2F 0-2: Foul Ball, location: 2F 0-2: Foul Ball, location: 2F 0-2: Ball 1-2: Strikes out swinging
|
Batting: LHB Tomás Muinos
|
0-0: Ball 1-0: Fly out, F8 (Flyball, 8LD)
|
Batting: RHB Tong-sik Im
|
0-0: Foul Ball, location: 2F 0-1: Foul Ball, location: 2F 0-2: Ball 1-2: Strikes out swinging
|
Top of the 9th over - 0 runs, 0 hits, 0 errors, 1 left on base; Mt. Vernon 4 - Grim 1 |
BOTTOM OF THE 9TH |
Grim Reapers batting - Pitching for Mt. Vernon Bulls : RHP Jordan Calhoun
|
Pitching: RHP Tadayuki Ito
|
|
Batting: RHB Bearooz Yacoobi
|
0-0: Called Strike 0-1: Ball 1-1: Foul Ball, location: 2F 1-2: Foul Ball, location: 2F 1-2: Foul Ball, location: 2F 1-2: Ball 2-2: Ball 3-2: Foul Ball, location: 2F 3-2: SINGLE (Line Drive, 34)
|
Batting: LHB Semo Hoaloha
|
0-0: Ball 1-0: Foul Ball, location: 2F 1-1: Called Strike 1-2: Foul Ball, location: 2F 1-2: Foul Ball, location: 2F 1-2: Ball 2-2: Strikes out looking
|
Batting: RHB Jaxton Goleta
|
0-0: Swinging Strike 0-1: Foul Ball, location: 2F 0-2: Ball 1-2: Strikes out swinging
|
Batting: SHB Takechi Yamashita
|
0-0: Foul Ball, location: 2F 0-1: Foul Ball, location: 2F 0-2: Ball 1-2: Foul Ball, location: 2F 1-2: Ball 2-2: Fielders Choice at 2nd, 6-4 (Groundball, 6)
|
Bottom of the 9th over - 0 runs, 1 hit, 0 errors, 1 left on base; Mt. Vernon 4 - Grim 1 |
|